 Dungeon Crawl Stone Soup version 0.31.0-11-ge490571c62 (webtiles) character file.

Game seed: 6499349729085330781

84 qw the Shooter (level 4, 0/25 HPs)
             Began as a Deep Elf Hunter on Feb 4, 2024.
             Slain by a hobgoblin (5 damage)
             ... led by Robin
             ... on level 2 of the Dungeon.
             The game lasted 00:00:04 (1005 turns).

qw the Shooter (Deep Elf Hunter)                    Turns: 1005, Time: 00:00:04

Health: 0/25       AC:  4    Str: 10    XL:     4   Next: 23%
Magic:  6/6        EV: 12    Int: 14    God:
Gold:   85         SH:  5    Dex: 18    Spells: 3/3 levels left

rFire   . . .        a - +0 shortbow
rCold   . . .        (shield currently unavailable)
rNeg    . . .        c - +0 leather armour
rPois   .            g - +0 helmet
rElec   .            (no cloak)
rCorr   .            (no gloves)
SInv    .            (no boots)
Will    .....        d - amulet of reflection
Stlth   ++           (no ring)
HPRegen 0.24/turn    (no ring)
MPRegen 0.10/turn

%: reflection
@: no status effects
A: no striking features
a: no special abilities


You were on level 2 of the Dungeon.
You visited 1 branch of the dungeon, and saw 2 of its levels.

You collected 85 gold pieces.


   Skills:
 - Level 1.5 Fighting
 + Level 7.6 Ranged Weapons
 - Level 2.4 Dodging
 - Level 1.2 Stealth


You had 3 spell levels left.
You didn't know any spells.
Your spell library was empty.

Inventory:

Hand Weapons
 a - a +0 shortbow (weapon)
Armour
 b - a +0 scale mail
 c - a +0 leather armour (worn)
 g - a +0 helmet (worn)
Jewellery
 d - an amulet of reflection (around neck)
Scrolls
 e - a scroll of poison {unknown}

Dungeon Overview and Level Annotations

Branches:
Dungeon (2/15)

Altars:

Shops:
D:1 ?=(*

Annotations:
D:2 1 runed translucent door, Crazy Yiuf, Robin


Message History

The goblin hits you with a +0 dagger. You block the hobgoblin's attack.
You shoot an arrow. The arrow hits Robin.
Robin is lightly wounded.
The adder closely misses you. The goblin closely misses you.
The hobgoblin closely misses you. You block the goblin's attack.
The adder closely misses you.
You shoot an arrow. The arrow hits Robin.
Robin is moderately wounded.
The adder bites you but does no damage. The goblin closely misses you.
The goblin hits you but does no damage. The hobgoblin completely misses you.
You shoot an arrow. The arrow hits Robin.
Robin is severely wounded.
The adder bites you but does no damage. The goblin hits you with a +0 club.
The goblin hits you but does no damage. The hobgoblin closely misses you.
The adder barely misses you.
You shoot an arrow. The arrow completely misses Robin.
You block the goblin's attack. The goblin barely misses you.
Robin hits you with a +0 club.
The hobgoblin hits you but does no damage.
The adder closely misses you.
You shoot an arrow. The arrow barely misses Robin.
The adder closely misses you. You block the goblin's attack.
The goblin closely misses you. The hobgoblin closely misses you.
You shoot an arrow. The arrow barely misses Robin.
The adder closely misses you. The goblin barely misses you.
The goblin hits you with a +0 dagger. Robin completely misses you.
The hobgoblin hits you but does no damage.
The adder bites you but does no damage.
You shoot an arrow.
The arrow hits Robin but does no damage.
Robin is severely wounded.
The goblin hits you with a +0 club. You block the goblin's attack.
The hobgoblin closely misses you. The adder barely misses you.
You shoot an arrow. The arrow hits Robin.
Robin is severely wounded.
The goblin barely misses you.
Robin says, "Duck!"
The goblin closely misses you. The adder bites you but does no damage.
The hobgoblin hits you.
You die...

.....).. .........
.. ..... .. ....# #.
#.#)# # #. #. #.#.#
#. ##..!#g##.#.#
.%.).%g@S...# .#
##.....gg...# .#
.....).###..# #.#
##)..## #..# #.#
#...#####..# #.#
............# #.#
####.#####..#####.#
####........#
..........##..######


You could see Robin, an adder, a hobgoblin (strong) and 2 goblins.

Vanquished Creatures
  3 gnolls (D:2)
  A dart slug (D:1)
  2 ribbon worms (D:2)
  3 ball pythons
  A bat (D:1)
  An endoplasm (D:1)
  2 giant cockroaches
  10 goblins
  6 hobgoblins
  5 kobolds
  3 quokkas
  3 frilled lizards
  4 rats
44 creatures vanquished.

Notes
Turn   | Place    | Note
-------+----------+-------------------------------------------
     0 | D:1      | qw the Deep Elf Hunter began the quest for the Orb.
     0 | D:1      | Reached XP level 1. HP: 12/12 MP: 3/3
     0 | D:1      | 0 ||| qw: Version: 0.3-a-160-g6735b56
     0 | D:1      | 0 ||| qw: Game counter: 4975
     0 | D:1      | 0 ||| qw: Melee chars always use a shield: true
     0 | D:1      | 0 ||| qw: God list: Okawaru
     0 | D:1      | 0 ||| qw: Allow faded altars: false
     0 | D:1      | 0 ||| qw: Do Orc after clearing Dungeon:15 true
     0 | D:1      | 0 ||| qw: Do second Lair branch before Depths: true
     0 | D:1      | 0 ||| qw: Lair rune preference: random
     0 | D:1      | 0 ||| qw: Goals: Normal
     0 | D:1      | 0 ||| PLANNING D:1-11
    35 | D:1      | Found Parunwa's Magic Scroll Boutique.
    47 | D:1      | 47 ||| SHOPLISTING scroll of identify (26 gold, have 0).
    99 | D:1      | Reached skill level 6 in Ranged Weapons
    99 | D:1      | Reached XP level 2. HP: 16/16 MP: 4/4
   205 | D:1      | Found Ezebeitu's Jewellery Boutique.
   228 | D:1      | 228 ||| SHOPLISTING +6 ring of strength (396 gold, have
                  | 16).
   228 | D:1      | 228 ||| SHOPLISTING amulet of faith (440 gold, have 16).
   228 | D:1      | 228 ||| SHOPLISTING ring of ice (275 gold, have 16).
   228 | D:1      | 228 ||| SHOPLISTING ring of protection from cold (275 gold,
                  | have 16).
   228 | D:1      | 228 ||| SHOPLISTING ring of resist corrosion (220 gold,
                  | have 16).
   243 | D:1      | Found Alefror's Antique Weapon Emporium.
   338 | D:1      | Found Esapsaj's General Store.
   349 | D:1      | HP: 2/16 [goblin/+0 club (3)]
   415 | D:1      | 415 ||| SHOPLISTING +0 ring mail (52 gold, have 16).
   415 | D:1      | 415 ||| SHOPLISTING scroll of identify (26 gold, have 16).
   626 | D:1      | Reached XP level 3. HP: 20/20 MP: 5/5
   712 | D:1      | 712 ||| UPGRADING to +0 helmet.
   717 | D:1      | 717 ||| UPGRADING to amulet of reflection.
   722 | D:1      | 722 ||| READING scroll labelled EROMIDUESI.
   722 | D:1      | 722 ||| IDENTIFYING puce potion
   723 | D:1      | 723 ||| READING scroll labelled JELLUG HAPPEXUR.
   724 | D:1      | 724 ||| DROPPING scroll of butterflies.
   725 | D:1      | 725 ||| DROPPING potion of brilliance.
   802 | D:2      | Found a runed translucent door.
   803 | D:2      | Noticed Crazy Yiuf
   878 | D:2      | Reached skill level 7 in Ranged Weapons
   895 | D:2      | Reached XP level 4. HP: 16/25 MP: 6/6
   988 | D:2      | Noticed Robin
  1004 | D:2      | HP: 5/25 [goblin/+0 club[Robin] (5)]
  1005 | D:2      | Slain by a hobgoblin

Levels and vault maps discovered:
D:1:      minmay_arrival_checkered_box, layout_basic, serial_shops,
          nicolae_shop_tiny_real_fake_doors, shop, shop, shop,
          solitary_fountain, nicolae_figureground_pulse
D:2:      layout_loops_ring, uniq_crazy_yiuf_cottage, uniq_robin

Skill      XL: |  1  2  3 |
---------------+----------+-----
Ranged Weapons | 6 7 |  7.6
Fighting       | |  1.5
Dodging        | |  2.4
Stealth        | |  1.2

Action                     |  1- 3 |  4- 6 || total
---------------------------+-------+-------++-------
   Fire: Shortbow          |   105 |    37 ||   142
    Use: Scroll            |     2 |       ||     2
 Armour: Leather armour    |    13 |    20 ||    33
  Dodge: Dodged            |    23 |    34 ||    57
  Block: Other             |     4 |     9 ||    13
         Reflection        |     1 |       ||     1

Table legend:
 A = Non-vault XP
 B = Vault XP
 C = Vault XP percentage of total XP
 D = Non-vault monster count
 E = Vault monster count
 F = Vault count percentage of total count
                 A         B        C        D         E       F
            +---------+---------+-------+---------+---------+-------
      Total |     106 |      14 |  11.7 |      37 |       7 |  15.9
            +---------+---------+-------+---------+---------+-------
        D:1 |      45 |       0 |   0.0 |      25 |       0 |   0.0
        D:2 |      61 |      14 |  18.7 |      12 |       7 |  36.8
            +---------+---------+-------+---------+---------+-------
